 Dungeon Crawl Stone Soup version 0.27.1-35-g4d5d836560 (webtiles) character file.

Game seed: 2337141071891314509

152 Froggeryz the Sneak (level 5, -5/36 HPs)
             Began as an Octopode Brigand on Oct 5, 2022.
             Slain by an orc priest (11 damage)
             ... on level 3 of the Dungeon.
             The game lasted 00:02:02 (2697 turns).

Froggeryz the Sneak (Octopode Brigand)              Turns: 2697, Time: 00:02:03

Health: -5/36      AC:  1    Str: 10    XL:     5   Next: 34%
Magic:  5/5        EV: 12    Int: 13    God:
Gold:   112        SH:  0    Dex: 15    Spells: 4/4 levels left

rFire    . . .     SeeInvis .   a - +2 dagger
rCold    . . .     Faith    .   (no shield)
rNeg     . . .     Spirit   .   (helmet restricted)
rPois    .         Reflect  .   (no amulet)
rElec    .         Harm     .   (no ring)
rCorr    .         Rampage  .   (no ring)
Will     .....                  (no ring)
Stlth    ++++......             (no ring)
HPRegen  0.12/turn              (no ring)
MPRegen  0.09/turn              (no ring)
                                (no ring)
                                (no ring)

@: no status effects
A: almost no armour, amphibious, 8 rings, camouflage 1, gelatinous body 1,
(nimble swimmer 1), tentacles
a: no special abilities


You were on level 3 of the Dungeon.
You visited 1 branch of the dungeon, and saw 3 of its levels.

You collected 112 gold pieces.

Inventory:

Hand Weapons
 a - a +2 dagger (weapon)
Missiles
 b - 8 poisoned darts (quivered)
 c - 2 curare-tipped darts
Jewellery
 h - an amulet of regeneration
Scrolls
 f - a scroll of immolation
 g - a scroll of enchant weapon
Potions
 d - a potion of degeneration {unknown}
 e - a potion of curing
 j - a potion of heal wounds {unknown}


   Skills:
 + Level 2.9 Fighting
 * Level 3.5 Short Blades
 * Level 2.4(2.8) Slings
 - Level 2.0(2.5) Throwing
 - Level 1.0 Dodging
 + Level 6.0 Stealth


You had 4 spell levels left.
You didn't know any spells.
Your spell library contained the following spells:

 Spells                   Type           Power      Damage    Failure   Level
 Sting                    Tmut/Pois      0%         1d3       30%         1
 Poisonous Vapours        Pois/Air       0%         N/A       43%         2
 Olgreb's Toxic Radiance  Pois           0%         N/A       97%         4


Dungeon Overview and Level Annotations

Branches:
Dungeon (3/15)

Altars:
Cheibriados

Annotations:
D:3 Sigmund


Innate Abilities, Weirdness & Mutations

You cannot wear most types of armour.
You are amphibious.
You can wear up to eight rings at the same time.
Your skin changes colour to match your surroundings (Stealth+).
Your rubbery body absorbs attacks. (AC +1, EV +1)
((You are camouflaged near water. (Stealth+)))
You have tentacles for arms and can constrict up to eight enemies at once.


Message History

You skewer the orc like a kebab!!!
You kill the orc!
An orc priest comes into view. It is wielding a +0 flail.
The orc priest shouts! x2; The orc shouts!
Things that are here:
a +0 club; a +0 leather armour; an orc corpse
There are monsters nearby!
You barely miss the orc. You grab the orc. You constrict the orc.
You hit the orc.
The orc is heavily wounded.
You constrict the orc. The orc barely misses you.
You hit the orc.
You kill the orc!
You hit the orc priest but do no damage.
Your grab misses the orc priest. You squeeze the orc priest.
The orc priest is moderately wounded.
An orc comes into view. It is wielding a +3 falchion.
The orc shouts!
You hit the orc priest but do no damage.
You grab the orc priest.
The orc priest is moderately wounded.
You constrict the orc priest.
The orc priest calls down the wrath of Beogh upon you.
Beogh smites you!
The orc priest hits you with a +0 dagger.
You hit the orc priest.
The orc priest is heavily wounded.
You constrict the orc priest.
The orc priest invokes the aid of Beogh against you.
Beogh smites you!
* * * LOW HITPOINT WARNING * * *
You feel better.
You constrict the orc priest. The orc priest completely misses you.
You hit the orc priest.
The orc priest is severely wounded.
You constrict the orc priest.
The orc priest hits you with a +0 dagger.
* * * LOW HITPOINT WARNING * * *
The orc priest hits you with a +0 flail!
You die...

### ####...##
##8###8##...#
##...........##
#8...........8#
#
#...........##
#.
#...##8###8##
#o####...####
### .o.#8...8#
#.##@..##
#.ooo..#
########


You could see 2 orc priests and an orc.

Vanquished Creatures
  A hound (D:2)
  5 adders
  3 worms
  2 dart slugs (D:1)
  2 orcs (D:3)
  4 endoplasms
  4 giant cockroaches
  6 goblins
  7 hobgoblins
  A jackal (D:2)
  4 kobolds
  5 quokkas
  5 ball pythons
  6 bats
  3 frilled lizards (D:2)
  3 rats
61 creatures vanquished.

Vanquished Creatures (others)
  2 plants (D:2)
2 creatures vanquished.

Grand Total: 63 creatures vanquished

Notes
Turn   | Place    | Note
-------+----------+-------------------------------------------
     0 | D:1      | Froggeryz the Octopode Brigand began the quest for the Orb.
     0 | D:1      | Reached XP level 1. HP: 14/14 MP: 1/1
   140 | D:1      | Reached XP level 2. HP: 19/19 MP: 2/2
   184 | D:1      | Reached skill level 1 in Slings
   190 | D:1      | Found a faded altar of an unknown god.
   390 | D:1      | Reached XP level 3. HP: 24/24 MP: 3/3
  1668 | D:2      | Reached XP level 4. HP: 30/30 MP: 4/4
  2421 | D:2      | Reached skill level 6 in Stealth
  2421 | D:2      | Reached XP level 5. HP: 36/36 MP: 5/5
  2534 | D:3      | Noticed Sigmund
  2601 | D:3      | Found a snail-covered altar of Cheibriados.
  2697 | D:3      | Slain by an orc priest

Illustrated notes

Levels and vault maps discovered:
D:1:      minmay_arrival_jagged, layout_basic, hellmonk_ecumenical_altar_blasted
D:2:      layout_basic, serial_bayou, serial_bayou_shore_b, serial_bayou_pond_b,
          serial_bayou_ford_a, serial_bayou_pond_d, serial_bayou_pond_e,
          serial_bayou_pond_a
D:3:      layout_basic, cheibrodos_worm_habitat, minivault_23,
          corexii_hall_statues_s, minmay_puff, uniq_jessica, uniq_sigmund

Skill      XL: |  1  2  3  4 |
---------------+-------------+-----
Slings         | 1 2 |  2.4
Short Blades   | 3 |  3.5
Stealth        | 6 |  6.0
Fighting       | |  2.9
Throwing       | |  2.0
Dodging        | |  1.0

Action                   |  1- 3 |  4- 6 || total
-------------------------+-------+-------++-------
Melee: Dagger            |    56 |    50 ||   106
       Tentacles         |     5 |     5 ||    10
       Constrict         |    10 |    12 ||    22
  Use: Scroll            |       |     4 ||     4
       Potion            |       |     1 ||     1
 Stab: Sleeping          |    18 |    11 ||    29
Armor: Skin              |     2 |     5 ||     7
Dodge: Dodged            |    17 |    16 ||    33
